 Dungeon Crawl Stone Soup version 0.27-a0-797-g27d10ad80f (webtiles) character file.

Game seed: 1972161984169597868

11 dickylongcocking the Insei (level 2, -1/22 HPs)
             Began as a Djinni Transmuter on Mar 27, 2021.
             Slain by an endoplasm (2 damage)
             ... on level 1 of the Dungeon.
             The game lasted 00:00:14 (72 turns).

dickylongcocking the Insei (Djinni Transmuter)        Turns: 72, Time: 00:00:15

Health: -1/22      AC:  2    Str:  9    XL:     2   Next: 25%
Gold:   0          EV: 12    Int: 14    God:
                   SH:  0    Dex: 13

rFire    + + .     SeeInvis .     - Unarmed
rCold    x . .     Faith    .   (no shield)
rNeg     . . .     Spirit   .   a - +0 robe
rPois    ∞         Reflect  .   (no helmet)
rElec    .         Harm     .   (no cloak)
rCorr    .         Rampage  .   (no gloves)
Will     .....                  (boots unavailable)
Stlth    +.........             (no amulet)
HPRegen  0.07/turn              (no ring)
MPRegen  0.00/turn              (no ring)

@: flying, very slightly contaminated
A: fire resistance 2, cold vulnerability 1, float, innate caster, hp casting,
extra vitality 1
a: no special abilities


You were on level 1 of the Dungeon.
You visited 1 branch of the dungeon, and saw 1 of its levels.

Inventory:

Armour
 a - a +0 robe (worn)


   Skills:
 * Level 1.5 Fighting
 - Level 2.1 Dodging
 * Level 3.4 Unarmed Combat
 - Level 1.7 Spellcasting


You couldn't memorise any spells.
You knew the following spells:

 Your Spells              Type           Power      Damage    Failure   Level
a - Beastly Appendage     Tmut           12%        N/A       12%         1
b - Wereblood             Tmut           6%         N/A       19%         2
c - Spider Form           Tmut/Pois      3%         N/A       34%         3
d - Ice Form              Ice/Tmut       6%         N/A       75%         4
e - Blade Hands           Tmut           3%         N/A       97%         5
Your spell library was empty.

Dungeon Overview and Level Annotations

Branches:
Dungeon (1/15)

Altars:


Innate Abilities, Weirdness & Mutations

You are immune to poison.
Your flesh is very heat resistant. (rF++)
You are vulnerable to cold. (rC-)
You float through the air rather than walking.
You learn spells naturally, not from books.
Your magical power is your life essence.
You have superior vitality. (+4 HP)


Message History

You start resting.
A dart slug comes into view.
A dart slug is nearby!
A dart slug is nearby!
A dart slug is nearby!
A dart slug is nearby!
A bat comes into view.
Your transformation is almost over.
Found 10 gold pieces.
The dart slug bites you.
* * * LOW HITPOINT WARNING * * *
You hit the dart slug but do no damage. The dart slug bites you.
* * * LOW HITPOINT WARNING * * *
You hit the dart slug.
The dart slug is heavily wounded.
You hit the dart slug.
The dart slug is severely wounded.
The bat hits you.
* * * LOW HITPOINT WARNING * * *
The dart slug closely misses you.
The endoplasm quivers.
You hit the dart slug. You headbutt the dart slug.
You kill the dart slug!
The bat closely misses you. The bat barely misses you.
You see here a dart slug corpse.
You closely miss the bat. The bat hits you but does no damage.
Casting: Beastly Appendage (safe; 12% risk of failure)
Confirm with . or Enter, or press ? or * to list all spells.
You miscast Beastly Appendage.
You are very lightly contaminated with residual magic.
Nothing appears to happen.
* * * LOW HITPOINT WARNING * * *
Your horns disappear.
The bat barely misses you. The bat closely misses you.
You hit the bat.
The bat is moderately wounded.
The bat barely misses you. The bat barely misses you. The endoplasm hits you.
You die...

#..##...# . ##.
###)## .
#.####..### .#
#.......).# .#
##........###.#
#............####.
#.................
#.........†.....#
#.#......@b.......
#.#.....J....#....
# #............###
#.....$....###
#..........#
...........#
...........#
............


You could see an endoplasm and a bat.

Vanquished Creatures
  2 dart slugs (D:1)
  2 goblins (D:1)
  2 kobolds (D:1)
  2 rats (D:1)
8 creatures vanquished.

Notes
Turn   | Place    | Note
-------+----------+-------------------------------------------
     0 | D:1      | dickylongcocking the Djinni Transmuter began the quest for
                  | the Orb.
     0 | D:1      | Reached XP level 1. HP: 17/17 MP: 0/0
    51 | D:1      | Reached XP level 2. HP: 8/22 MP: 0/0
    72 | D:1      | Slain by an endoplasm

Illustrated notes

Levels and vault maps discovered:
D:1:      minmay_arrival_shattered_statue, layout_rooms,
          hangedman_decor_peaks_small, hangedman_decor_push

Action                   || total
-------------------------++-------
Melee: Unarmed           ||    26
       Punch             ||     2
       Headbutt          ||     2
 Cast: Beastly Appendage ||     2
Armor: Robe              ||     1
Dodge: Dodged            ||    17

Table legend: (Time is in decaauts)
 A = Elapsed time spent in this place.
 B = Non-inter-level travel time spent in this place.
 C = Inter-level travel time spent in this place.
 D = Time resting spent in this place.
 E = Time spent auto-exploring this place.
 F = Levels seen in this place.
 G = Mean time per level.
                   A        B        C        D        E       F      G
               +--------+--------+--------+--------+--------+-----+--------+
         Total |     70 |     70 |      0 |      2 |     28 |   1 |   70.0 |
       Dungeon |     70 |     70 |      0 |      2 |     28 |   1 |   70.0 |
               +--------+--------+--------+--------+--------+-----+--------+

Top non-repeatable levels by time:
     D:1: 70 daAuts
